 Dungeon Crawl Stone Soup version 0.29-a0-1047-g7c58e119a4 (webtiles) character file.

Game seed: 4905233587413511881

32 freelancePsychic the Cudgeller (level 3, -3/22 HPs)
             Began as a Gargoyle Warper on Aug 16, 2022.
             Slain by a gnoll
             ... wielding a +0 halberd
              (6 damage)
             ... on level 2 of the Dungeon.
             The game lasted 00:02:10 (1659 turns).

freelancePsychic the Cudgeller (Gargoyle Warper)    Turns: 1659, Time: 00:02:11

Health: -3/22      AC:  8    Str: 14    XL:     3   Next: 25%
Magic:  6/6        EV: 10    Int: 15    God:
Gold:   24         SH:  0    Dex:  9    Spells: 6/6 levels left

rFire   . . .      SeeInvis .   n - +0 dagger (venom)
rCold   . . .      Faith    .   (no shield)
rNeg    + . .      Spirit   .   h - +0 ring mail
rPois   ∞          Reflect  .   (no helmet)
rElec   +          Harm     .   (no cloak)
rCorr   .          Rampage  .   (no gloves)
Will    .....                   (no boots)
Stlth   ..........              (no amulet)
HPRegen 0.07/turn               (no ring)
MPRegen 0.10/turn               (no ring)

@: no status effects
A: sickness immunity, AC +3, negative energy resistance 1, electricity
resistance, torment resistance 1, petrification resistance
a: no special abilities


You were on level 2 of the Dungeon.
You visited 1 branch of the dungeon, and saw 2 of its levels.

You collected 24 gold pieces.

Inventory:

Hand Weapons
 a - a +0 mace
 n - a +0 dagger of venom (weapon)
Missiles
 d - 4 boomerangs of dispersal (quivered)
Armour
 b - a +0 leather armour
 h - a +0 ring mail (worn)
Scrolls
 c - a scroll of blinking
 e - a scroll of fog
 f - a scroll of fear {unknown}
 g - a scroll of magic mapping {unknown}
 j - a scroll of summoning {unknown}
 k - a scroll of teleportation {unknown}
 l - 3 scrolls of identify {@r1}
Potions
 i - a potion of resistance {unknown}
 m - a potion of attraction {unknown}


   Skills:
 + Level 2.8 Fighting
 * Level 0.9 Short Blades
 - Level 2.9 Maces & Flails
 - Level 0.8 Throwing
 - Level 1.1 Armour
 - Level 1.5 Dodging
 - Level 2.0 Spellcasting
 - Level 2.6 Translocations


You had 6 spell levels left.
You didn't know any spells.
Your spell library contained the following spells:

 Spells                   Type           Power      Damage    Failure   Level
 Blink                    Tloc           18%        N/A       22%         2
 Gell's Gravitas          Tloc           9%         N/A       41%         3
 Lesser Beckoning         Tloc           9%         N/A       41%         3
 Teleport Other           Tloc           9%         N/A       41%         3
 Manifold Assault         Tloc           9%         N/A       99%         5


Dungeon Overview and Level Annotations

Branches:
Dungeon (2/15)

Altars:


Innate Abilities, Weirdness & Mutations

You are immune to sickness and miasma.
Your stone body is resilient. (AC +3)
You are immune to poison.
You resist negative energy. (rN+)
You are resistant to electric shocks. (rElec)
You are resistant to unholy torment.
You are immune to petrification.


Message History

Press: ? - help, Q - select action Shift-Dir - straight line, f - endoplasm
Aim: an endoplasm (heavily wounded, extremely poisoned, 84% to hit)
You throw a boomerang of dispersal.
The boomerang of dispersal hits the endoplasm but does no damage.
The endoplasm is heavily wounded.
You kill the endoplasm!
Things that are here:
a +0 club; a gnoll skeleton
Found a leather armour.
A gnoll comes into view. It is wielding a +0 halberd.
The gnoll shouts!
A gnoll comes into view. It is wielding a +0 flail.
There are monsters nearby!
Things that are here:
a +0 club; a gnoll skeleton
There is a stone staircase leading up here.
The gnoll closely misses you.
You barely miss the gnoll. The gnoll closely misses you.
You hit the gnoll.
The gnoll is poisoned.
The gnoll is lightly wounded.
The gnoll hits you with a +0 halberd!
Ouch! That really hurt!
You barely miss the gnoll.
The gnoll is moderately wounded.
The gnoll barely misses you.
Throw: 6 boomerangs (disperse)
Press: ? - help, Q - select action Shift-Dir - straight line, f - gnoll
Aim: a gnoll, wielding a +0 halberd (moderately wounded, very poisoned, 58% to hit)
You throw a boomerang of dispersal.
The boomerang of dispersal barely misses the gnoll.
The gnoll hits you with a +0 halberd!
* * * LOW HITPOINT WARNING * * *
Throw: 5 boomerangs (disperse)
Press: ? - help, Q - select action Shift-Dir - straight line, f/p - gnoll
Aim: a gnoll, wielding a +0 halberd (heavily wounded, very poisoned, 58% to hit)
You throw a boomerang of dispersal.
The boomerang of dispersal hits the gnoll but does no damage.
The gnoll is heavily wounded.
The gnoll hits you with a +0 halberd.
You die...

#.........♣ ♣♣ ♣÷... #####.#...♣
~~.♣. ♣.... ######## ##.####♣
~... ♣.... .......#
##.....#♣♣P..P ♣♣#.#..
.......#####........♣♣P♣♣♣♣......
..........#............>..##.#...
..........................##.#...
##########.....[..........##)#...
#......@g........##.#..$
##...............#..#...
##................##...
##.............###..#.
##..#.#..............#[
######.....##.....##..###...
#........###............#...
♣.......#....#......>....
♣♣........####..........#.


You could see a gnoll (very poisoned).

Vanquished Creatures
  A gnoll (D:2)
  2 endoplasms
  A giant cockroach (D:2)
  A hobgoblin (D:1)
  3 jackals (D:1)
  A quokka (D:1)
  4 bats
  A frilled lizard (D:1)
  4 goblins
  A kobold (D:1)
  2 rats
21 creatures vanquished.

Vanquished Creatures (others)
  5 plants (D:2)
5 creatures vanquished.

Grand Total: 26 creatures vanquished

Notes
Turn   | Place    | Note
-------+----------+-------------------------------------------
     0 | D:1      | freelancePsychic the Gargoyle Warper began the quest for
                  | the Orb.
     0 | D:1      | Reached XP level 1. HP: 12/12 MP: 3/3
   315 | D:1      | Reached XP level 2. HP: 17/18 MP: 5/5
  1393 | D:2      | Reached XP level 3. HP: 14/22 MP: 6/6
  1659 | D:2      | Slain by a gnoll

Illustrated notes

Levels and vault maps discovered:
D:1:      roderic_crop_circles_arrival_small, layout_loops_ring
D:2:      layout_rooms, serial_forest, infiniplex_forest_split,
          infiniplex_forest_straight_5, infiniplex_forest_corner_1,
          infiniplex_forest_corner_1, infiniplex_forest_pool,
          infiniplex_forest_end_2, infiniplex_forest_lined_2

Action                   || total
-------------------------++-------
Melee: Mace              ||    79
       Dagger            ||    23
Throw: Boomerang         ||     3
  Use: Scroll            ||     2
Armor: Leather armour    ||    11
       Ring mail         ||    52
Dodge: Dodged            ||    57

Table legend: (Time is in decaauts)
 A = Elapsed time spent in this place.
 B = Non-inter-level travel time spent in this place.
 C = Inter-level travel time spent in this place.
 D = Time resting spent in this place.
 E = Time spent auto-exploring this place.
 F = Levels seen in this place.
 G = Mean time per level.
                   A        B        C        D        E       F      G
               +--------+--------+--------+--------+--------+-----+--------+
         Total |   1681 |   1646 |     35 |     76 |   1291 |   2 |  840.5 |
       Dungeon |   1681 |   1646 |     35 |     76 |   1291 |   2 |  840.5 |
               +--------+--------+--------+--------+--------+-----+--------+

Top non-repeatable levels by time:
     D:1: 1096 daAuts
     D:2: 585 daAuts
